 Dungeon Crawl Stone Soup version 0.22-a0-99-g1ac4c55 (webtiles) character file.

2440 KristoblXynda the Cleaver (level 9, -1/72 HPs)
             Began as a Hill Orc Fighter on Jan 25, 2018.
             Was an Initiate of Beogh.
             Slain by a centaur (6 damage)
             ... on level 7 of the Dungeon.
             The game lasted 00:12:24 (5993 turns).

KristoblXynda the Cleaver (Hill Orc Fighter)        Turns: 5993, Time: 00:12:24

Health: -1/72      AC: 16    Str: 19    XL:     9   Next: 49%
Magic:  9/9        EV:  6    Int: 11    God:    Beogh [......]
Gold:   280        SH: 11    Dex: 19    Spells: 8/8 levels left

rFire    x . .     SeeInvis +   a - +0 war axe
rCold    . . .     Gourm    .   c - +0 shield
rNeg     . . .     Faith    .   t - +0 chain mail {rPois}
rPois    +         Spirit   .   n - +0 helmet of Impermeability {rPois rF- Dex+4 SInv}
rElec    .         Reflect  .   (no cloak)
rCorr    +         Harm     .   s - +0 pair of gloves
MR       +....                  m - +2 pair of boots
Stlth    ..........             (no amulet)
HPRegen  0.22/turn              i - ring of resist corrosion
MPRegen  0.11/turn              B - +5 ring of dexterity

@: no status effects
A: claws 1, magic resistance 1
a: Renounce Religion


You were on level 7 of the Dungeon.
You worshipped Beogh.
Beogh was noncommittal.
You were hungry.

You visited 2 branches of the dungeon, and saw 8 of its levels.

You collected 280 gold pieces.

Inventory:

Hand Weapons
 a - a +0 war axe (weapon)
Armour
 c - a +0 shield (worn)
 m - a +2 pair of boots (worn)
 n - the +0 helmet of Impermeability (worn) {rPois rF- Dex+4 SInv}
   (You took it off Robin on level 3 of the Dungeon)

   It affects your dexterity (+4).
   It makes you vulnerable to fire.
   It protects you from poison.
   It lets you see invisible.
 s - a +0 pair of gloves (worn)
 t - a +0 chain mail of poison resistance (worn)
Jewellery
 i - a ring of resist corrosion (left hand)
 u - an uncursed amulet of faith
 w - an uncursed ring of flight
 B - a +5 ring of dexterity (right hand)
Scrolls
 h - a scroll of immolation
 j - 2 scrolls of remove curse {unknown}
 l - a scroll of fear {unknown}
 o - a scroll of teleportation
 p - 2 scrolls of amnesia {unknown}
 q - 2 scrolls of noise {unknown}
 y - a scroll of enchant armour {unknown}
Potions
 b - a potion of agility
 d - a potion of might
 g - a potion of curing
 z - a potion of brilliance {unknown}
Comestibles
 f - 5 rations


   Skills:
 + Level 4.4 Fighting
 + Level 11.3 Axes
 + Level 7.6 Armour
 + Level 7.6 Shields


You had 8 spell levels left.
You didn't know any spells.

Dungeon Overview and Level Annotations

Branches:
Dungeon (7/15)             Temple (1/1) D:6

Altars:
Ashenzari
Cheibriados
Dithmenos
Elyvilon
Gozag
Hepliaklqana
Kikubaaqudgha
Makhleb
Nemelex Xobeh
Okawaru
Qazlal
Ru
Sif Muna
Trog
Uskayaw
Vehumet
Wu Jian
Xom
Yredelemnul
Zin
The Shining One


Innate Abilities, Weirdness & Mutations

You have sharp fingernails.
You are resistant to hostile enchantments. (MR+)


Message History

You start resting.
A centaur comes into view.
A centaur is nearby!
A centaur is nearby!
You feel a little less mighty now.
The centaur shouts!
The centaur wields a shortbow.
The centaur shoots an arrow.
The arrow hits you.
* * * LOW HITPOINT WARNING * * *
You see here an arrow.
The centaur shoots an arrow.
The arrow hits you but does no damage.
The centaur shoots an arrow.
You block the arrow.
You see here an arrow.
The centaur unwields an uncursed shortbow.
The centaur hits you.
* * * LOW HITPOINT WARNING * * *
You see here an arrow.
You barely miss the centaur. The centaur closely misses you.
Your chain mail prevents you from hitting the centaur.
You block the centaur's attack. The centaur hits you.
You die...

#<.##.## # ##...#.# * * **
#......# , , ,
##..$#.#*,#,###### *
#..##.# .#, ....## #.#
#.##.###.....### * ,
#.###........#..... ,, ,*
#......o.#.#...c.# * *
#####.#.##.#* #@#*
##.#.##$## #(######.#...
##=...#...###.#..†.......>
##...?..!........####.#.##
#..........###.### #.#*
##......#.## #.# .#Z.
##....##.####.###*##.#.# *
##.#)##.##..... .....#
######.#........# * #.##.#


You could see a centaur.

Vanquished Creatures
  The ghost of kal9871 the Cutter, a novice HaFi (D:6)
  The ghost of Voker57 the Slasher, an amateur DsGl (D:4)
  Prince Ribbit (D:5)
  Eustachio (D:4)
  Edmund (D:4)
  Menkaure (D:4)
  An ice beast (D:5)
  A sky beast (D:5)
  A phantom (D:5)
  The ghost of Voker57 the Slasher, an amateur DsGl (D:3)
  A centaur (D:5)
  2 ogres
  Blork the orc (D:4)
  A scorpion (D:6)
  3 howler monkeys
  2 crimson imps (D:6)
  A jelly (D:6)
  A hound (D:6)
  2 iguanas
  3 worker ants
  Robin (D:3)
  5 adders
  13 gnolls
  3 oozes
  An adder skeleton (D:4)
  2 worms
  A dart slug (D:1)
  2 leopard geckos
  11 orcs
  2 ball pythons
  2 giant cockroaches
  19 goblins
  12 hobgoblins
  7 jackals
  6 kobolds
  3 quokkas
  10 bats
  4 frilled lizards
  A jackal skeleton (D:7)
  6 rats
138 creatures vanquished.

Vanquished Creatures (others)
  An ogre (D:7)
  3 orcs (D:7)
4 creatures vanquished.

Grand Total: 142 creatures vanquished

Notes
Turn   | Place    | Note
-------+----------+-------------------------------------------
     0 | D:1      | KristoblXynda the Hill Orc Fighter began the quest for the Orb.
     0 | D:1      | Reached XP level 1. HP: 19/19 MP: 1/1
   112 | D:1      | Reached skill level 3 in Axes
   257 | D:1      | Reached XP level 2. HP: 26/26 MP: 2/2
   392 | D:1      | Reached XP level 3. HP: 31/31 MP: 3/3
   755 | D:1      | Reached skill level 4 in Axes
  1049 | D:2      | Found an opulent altar of Gozag.
  1066 | D:2      | Reached XP level 4. HP: 37/39 MP: 4/4
  1491 | D:2      | Reached skill level 5 in Axes
  1601 | D:2      | Reached XP level 5. HP: 37/45 MP: 5/5
  1946 | D:3      | Noticed Robin
  1955 | D:3      | Killed Robin
  2046 | D:3      | Reached skill level 6 in Axes
  2066 | D:3      | Reached XP level 6. HP: 51/51 MP: 6/6
  2305 | D:3      | Found a glowing silver altar of Zin.
  2432 | D:3      | Noticed Voker57's ghost (amateur DsGl)
  2449 | D:3      | Killed Voker57's ghost
  2538 | D:3      | Got a bloodstained helmet
  2544 | D:3      | Identified the +0 helmet of Impermeability {rPois rF- Dex+4 SInv} (You took it off Robin on level 3 of the Dungeon)
  2596 | D:4      | Noticed Edmund
  2607 | D:4      | Killed Edmund
  2607 | D:4      | Reached skill level 7 in Axes
  2607 | D:4      | Reached skill level 5 in Armour
  2607 | D:4      | Reached skill level 5 in Shields
  2607 | D:4      | Reached XP level 7. HP: 47/57 MP: 7/7
  2613 | D:4      | Noticed Blork the orc
  2623 | D:4      | Killed Blork the orc
  2646 | D:4      | Noticed Eustachio
  2656 | D:4      | Killed Eustachio
  2656 | D:4      | Reached skill level 8 in Axes
  2754 | D:4      | Noticed Voker57's ghost (amateur DsGl)
  2771 | D:4      | Killed Voker57's ghost
  2771 | D:4      | Reached skill level 9 in Axes
  2771 | D:4      | Reached XP level 8. HP: 40/64 MP: 8/8
  3143 | D:4      | Noticed Menkaure
  3157 | D:4      | Killed Menkaure
  3700 | D:5      | Entered Level 5 of the Dungeon
  3714 | D:5      | Found a stormy altar of Qazlal.
  3779 | D:5      | Noticed Prince Ribbit
  3972 | D:5      | Reached skill level 10 in Axes
  4031 | D:5      | Killed Prince Ribbit
  4249 | D:5      | Reached XP level 9. HP: 63/70 MP: 9/9
  4330 | D:5      | Found a hide-covered altar of Uskayaw.
  4349 | D:5      | Found a snail-covered altar of Cheibriados.
  4773 | D:5      | Found a shadowy altar of Dithmenos.
  4780 | D:5      | Found a hazy altar of Hepliaklqana.
  4845 | D:5      | Found a bloodstained altar of Trog.
  4940 | D:6      | Found a staircase to the Ecumenical Temple.
  4955 | D:6      | Found an ancient bone altar of Kikubaaqudgha.
  4963 | Temple   | Entered the Ecumenical Temple
  5245 | D:6      | Reached skill level 11 in Axes
  5374 | D:6      | Noticed kal9871's ghost (novice HaFi)
  5410 | D:6      | Killed kal9871's ghost
  5899 | D:7      | Noticed a troll
  5904 | D:7      | Became a worshipper of Beogh the Brigand
  5919 | D:7      | Gained mutation: Scrolls take you a little longer to read. [potion of mutation]
  5919 | D:7      | Gained mutation: Your body sometimes deteriorates upon taking damage. [potion of mutation]
  5919 | D:7      | Gained mutation: You passively map a small area around you. [potion of mutation]
  5919 | D:7      | Gained mutation: You have a pair of small horns on your head. [potion of mutation]
  5924 | D:7      | HP: 2/72 [troll (5)]
  5960 | D:7      | Lost mutation: Your body sometimes deteriorates upon taking damage. [potion of mutation]
  5960 | D:7      | Lost mutation: Scrolls take you a little longer to read. [potion of mutation]
  5960 | D:7      | Lost mutation: You have a pair of small horns on your head. [potion of mutation]
  5960 | D:7      | Lost mutation: You passively map a small area around you. [potion of mutation]
  5960 | D:7      | Gained mutation: You have sharp fingernails. [potion of mutation]
  5960 | D:7      | Gained mutation: You are resistant to hostile enchantments. (MR+) [potion of mutation]
  5993 | D:7      | Slain by a centaur

Vault maps used:
D:1:      kennysheep_arrival_forest, st_stairs_4
D:2:      nicolae_gozag_cash_rules_everything_around_me
D:3:      lemuel_upstairs_altar, marbit_many_paths, minivault_26, uniq_robin
D:4:      uniq_edmund, uniq_menkaure, uniq_blork_the_orc, uniq_eustachio
D:5:      nicolae_overflow_hidden_temple, amethyst_overflow_temple_binary,
          lightli_temple_of_fire, nicolae_qazlal_general_emergency,
          first_ration, basic_altar, uniq_prince_ribbit1
D:6:      lemuel_crystal_altar, minmay_temple_entry_trees
D:7:      fedhas_altar_decomposition
Temple:   oiseaux_autumnal_temple

Skill      XL: |  1  2  3  4  5  6  7  8  9 |
---------------+----------------------------+-----
Axes           | 3 4 5 6 7 9 10 11 | 11.3
Shields        | 4 5 6 7 |  7.6
Armour         | 4 5 6 7 |  7.6
Fighting       | 4 |  4.4

Action                   |  1- 3 |  4- 6 |  7- 9 || total
-------------------------+-------+-------+-------++-------
Melee: War axe           |   123 |   152 |   267 ||   542
Invok: Convert to Beogh  |       |       |     1 ||     1
Evoke: Wand              |       |       |     1 ||     1
  Use: Scroll            |       |     2 |     8 ||    10
       Potion            |       |     1 |     8 ||     9
  Eat: Chunk             |       |     6 |     7 ||    13
       Ration            |       |       |     1 ||     1
Armor: Scale mail        |    56 |       |       ||    56
       Ring mail         |    15 |    53 |       ||    68
       Chain mail        |       |    12 |   141 ||   153
Dodge: Dodged            |    50 |    48 |    50 ||   148
Block: Shield            |    80 |    75 |   125 ||   280

Table legend:
 A = Spawn XP
 B = Non-spawn XP
 C = Spawn XP percentage of total XP
 D = Spawn monster count
 E = Non-spawn monster count
 F = Spawn count percentage of total count
 G = Total turns spent on level
                    A         B        C        D         E        F      G
               +---------+---------+-------+---------+---------+-------+---------
         Total |       0 |    3486 |   0.0 |       0 |     139 |   0.0 |  5993
               +---------+---------+-------+---------+---------+-------+---------
           D:1 |       0 |      55 |   0.0 |       0 |      31 |   0.0 |   944
           D:2 |       0 |     174 |   0.0 |       0 |      31 |   0.0 |   851
           D:3 |       0 |     227 |   0.0 |       0 |      28 |   0.0 |   768
           D:4 |       0 |    1253 |   0.0 |       0 |      15 |   0.0 |  1137
           D:5 |       0 |     850 |   0.0 |       0 |      15 |   0.0 |  1240
           D:6 |       0 |     860 |   0.0 |       0 |      16 |   0.0 |   693
           D:7 |       0 |      67 |   0.0 |       0 |       3 |   0.0 |   105
               +---------+---------+-------+---------+---------+-------+---------
